 Seeded DCSS version 0.30-a0-728-gc68057be0a (webtiles) character file.

Game seed: 13378002285222283535 (custom seed)

20 hikkokomori the Ducker (level 2, -15/24 HPs)
             Began as a Demigod Gladiator on Jan 30, 2023.
             Engulfed by a cloud of flame (17 damage)
             ... on level 2 of the Dungeon.
             The game lasted 00:00:39 (554 turns).

hikkokomori the Ducker (Demigod Gladiator)           Turns: 554, Time: 00:00:39

Health: -15/24     AC:  4    Str: 15    XL:     2   Next: 42%
Magic:  4/4        EV: 12    Int: 10    God:
Gold:   62         SH:  0    Dex: 15    Spells: 1/1 levels left

rFire   . . .      SeeInvis .    a - +0 long sword
rCold   . . .      Faith    .    (no shield)
rNeg    . . .      Spirit   .    b - +0 leather armour
rPois   .          Reflect  .    c - +0 helmet
rElec   .          Harm     .    (no cloak)
rCorr   .          Rampage  .    (no gloves)
Will    .....                    (no boots)
Stlth   +                        (no amulet)
HPRegen 0.24/turn                (no ring)
MPRegen 0.09/turn                (no ring)

@: no status effects
A: high MP 1, forlorn, divine attributes
a: no special abilities


You were on level 2 of the Dungeon.
You visited 1 branch of the dungeon, and saw 2 of its levels.

You collected 62 gold pieces.

Inventory:

Hand Weapons
 a - a +0 long sword (weapon)
Missiles
 d - 3 throwing nets (quivered)
 e - a javelin
Armour
 b - a +0 leather armour (worn)
 c - a +0 helmet (worn)
Scrolls
 f - a scroll of identify {unknown}
 g - a scroll of enchant weapon {unknown}
 h - a scroll of torment {unknown}
 i - a scroll of fear {unknown}


   Skills:
 + Level 2.1 Fighting
 + Level 2.9 Long Blades
 - Level 1.7 Throwing
 + Level 2.9 Dodging
 + Level 1.0 Stealth


You had one spell level left.
You didn't know any spells.
Your spell library contained the following spells:

 Spells                   Type           Power      Damage    Failure   Level
 Inner Flame              Hex/Fire       0%         N/A       80%         3
 Flame Wave               Conj/Fire      0%         2d4       99%         4
 Sticky Flame             Conj/Fire      0%         2d3       99%         4


Dungeon Overview and Level Annotations

Branches:
Dungeon (2/15)


Innate Abilities, Weirdness & Mutations

You have an increased reservoir of magic. (+10% MP)
You shall have no god before yourself.
Your divine heritage dramatically boosts your attributes as you level up.


Message History

No target in view!
No target in view!
No target in view!
No target in view!
No target in view!
No target in view!
No target in view!
You hit the dart slug.
The dart slug is moderately wounded.
The dart slug launches a dart at you. The slug dart misses you.
You slash the dart slug!
You kill the dart slug!
Your Stealth skill increases to level 1!
No target in view!
No target in view!
No target in view!
No target in view!
No target in view!
Found a stone staircase leading down.
Found an escape hatch in the floor.
j - a scroll labelled ETOSIM QOBLITZ You now have 62 gold pieces (gained 8).
You see here a +0 mace.
A frilled lizard comes into view.
A frilled lizard is nearby!
As you read the scroll labelled ETOSIM QOBLITZ, it crumbles to dust.
The creatures around you are filled with an inner flame!
It was a scroll of immolation.
The frilled lizard hisses angrily.
Found a scroll labelled XOTTIT PALE.
The frilled lizard closely misses you.
You hit the frilled lizard.
The frilled lizard explodes!
The fiery explosion engulfs you!!
Ouch! That really hurt!
* * * LOW HITPOINT WARNING * * *
You are engulfed in blazing flames.
Ouch! That really hurt!
You die...

....... ....... #......#
####### #.....? .......
#....######.... #
..........#... ..
####§...####.#.###..
#..@§§.#..<......... #
#.####.#..##.#.....#
#.#.#....#)..........#
###.....####...#.#......
..................##.....
.............#.#####......
#..........#.#.# #......
!............#.# #......
#.#######..#.... #.#####


There were no monsters in sight!

Vanquished Creatures
  3 dart slugs
  2 goblins (D:1)
  2 hobgoblins (D:1)
  3 jackals (D:1)
  A bat (D:1)
  A frilled lizard (D:2)
  A kobold (D:1)
  A rat (D:1)
14 creatures vanquished.

Notes
Turn   | Place    | Note
-------+----------+-------------------------------------------
     0 | D:1      | hikkokomori the Demigod Gladiator began the quest for the
                  | Orb.
     0 | D:1      | Reached XP level 1. HP: 17/17 MP: 3/3
   232 | D:1      | Reached XP level 2. HP: 24/24 MP: 4/4
   527 | D:2      | Reached skill level 1 in Stealth
   554 | D:2      | Engulfed by a cloud of flame

Illustrated notes

Levels and vault maps discovered:
D:1:      dpeg_arrival_connections, layout_basic
D:2:      layout_basic, chequers_jeans, minmay_close_crescents

Skill      XL: |  1  2 |
---------------+-------+-----
Fighting       | 2 |  2.1
Stealth        | 1 |  1.0
Long Blades    | |  2.9
Throwing       | |  1.7
Dodging        | |  2.9

Action                     || total
---------------------------++-------
  Melee: Long sword        ||    34
    Use: Scroll            ||     1
   Stab: Sleeping          ||     3
 Armour: Leather armour    ||    15
  Dodge: Dodged            ||    23

Table legend: (Time is in decaauts)
 A = Elapsed time spent in this place.
 B = Non-inter-level travel time spent in this place.
 C = Inter-level travel time spent in this place.
 D = Time resting spent in this place.
 E = Time spent auto-exploring this place.
 F = Levels seen in this place.
 G = Mean time per level.
                   A        B        C        D        E       F      G
               +--------+--------+--------+--------+--------+-----+--------+
         Total |    562 |    562 |      0 |      0 |    450 |   2 |  281.0 |
       Dungeon |    562 |    562 |      0 |      0 |    450 |   2 |  281.0 |
               +--------+--------+--------+--------+--------+-----+--------+

Top non-repeatable levels by time:
     D:1: 528 daAuts
     D:2: 34 daAuts
